 Dungeon Crawl Stone Soup version 0.30.0-20-g3615ddf2f0 (webtiles) character file.

Game seed: 16589828462649309305

37 qw the Chopper (level 3, -4/23 HPs)
             Began as a Gargoyle Fighter on May 30, 2023.
             Killed by divine providence
             ... invoked by an orc priest
              (15 damage)
             ... on level 2 of the Dungeon.
             The game lasted 00:00:32 (803 turns).

qw the Chopper (Gargoyle Fighter)                    Turns: 803, Time: 00:00:33

Health: -4/23      AC: 10    Str: 21    XL:     3   Next: 39%
Magic:  3/3        EV:  9    Int:  8    God:
Gold:   86         SH:  4    Dex:  9    Spells: 2/2 levels left

rFire   . . .        Y - +0 war axe
rCold   . . .        c - +0 buckler
rNeg    + . .        b - +0 scale mail
rPois   inf          (no helmet)
rElec   +            (no cloak)
rCorr   .            (no gloves)
SInv    .            (no boots)
Will    .....        (no amulet) Stlth
                     (no ring)
HPRegen 0.23/turn    (no ring)
MPRegen 0.08/turn

%: no passive effects
@: no status effects
A: sickness immunity, AC +3, negative energy resistance 1, electricity
resistance, torment resistance 1, petrification resistance
a: no special abilities


You were on level 2 of the Dungeon.
You visited 1 branch of the dungeon, and saw 2 of its levels.

You collected 86 gold pieces.


Innate Abilities, Weirdness & Mutations

You are immune to sickness and miasma.
Your stone body is resilient. (AC +3)
You are immune to poison.
You resist negative energy. (rN+)
You are resistant to electric shocks. (rElec)
You are resistant to unholy torment.
You are immune to petrification.


   Skills:
 - Level 3.2 Fighting
 + Level 3.3 Axes
 - Level 3.2 Armour
 - Level 3.2 Shields


You had 2 spell levels left.
You didn't know any spells.
Your spell library was empty.

Inventory:

Hand Weapons
 f - a +0 whip
 Y - a +0 war axe (weapon)
Armour
 b - a +0 scale mail (worn)
 c - a +0 buckler (worn)
Potions
 d - a potion of might
 e - a potion of heal wounds
 i - a potion of mutation {unknown}

Dungeon Overview and Level Annotations

Branches:
Dungeon (2/15)

Altars:

Shops:
D:1 =


Message History

Found an escape hatch in the ceiling.
There is a stone staircase leading up here.
There are monsters nearby!
Waypoint 1 assigned to D:2.
An orc priest comes into view. It is wielding a +0 short sword.
You slash the orc!
You kill the orc!
An orc wizard comes into view. It is wielding a +0 dagger.
The orc hits you but does no damage.
Things that are here:
a +0 dagger; a +0 leather armour You slash the orc!
You kill the orc!
The orc priest looks satisfied for a moment.
You hit the orc but do no damage. The orc hits you but does no damage.
The orc wizard casts a spell.
The orc wizard flickers and vanishes!
Deactivating autopickup; reactivate with Ctrl-A.
The orc hits you with a +0 club.
You barely miss the orc. You slash the orc priest!
The orc priest is almost dead.
You barely miss the orc. The orc closely misses you.
The orc priest invokes the aid of Beogh against you.
Beogh smites you!
You closely miss the orc priest.
The orc priest is almost dead.
You slash the orc!
You kill the orc!
Something hits you but does no damage.
The orc priest hits you but does no damage.
You barely miss the orc priest.
The orc priest is almost dead.
You barely miss something.
The orc priest calls down the wrath of Beogh upon you.
Beogh smites you!
Ouch! That really hurt!
You die...

#.. #.# #.#
#.# ######.#
....#.# #..{#
.<.###o@#####
.......<....#
#############


You could see an orc priest.

Vanquished Creatures
  A dart slug (D:1)
  3 orcs (D:2)
  6 ball pythons (D:1)
  2 endoplasms (D:1)
  2 giant cockroaches (D:1)
  4 goblins (D:1)
  A hobgoblin (D:1)
  2 quokkas (D:1)
  4 bats (D:1)
  A frilled lizard (D:1)
  4 kobolds (D:1)
  A rat (D:1)
31 creatures vanquished.

Notes
Turn   | Place    | Note
-------+----------+-------------------------------------------
     0 | D:1      | qw the Gargoyle Fighter began the quest for the Orb.
     0 | D:1      | Reached XP level 1. HP: 14/14 MP: 1/1
     0 | D:1      | 0 ||| qw: Version: 0.2-a-102-g2b76a06
     0 | D:1      | 0 ||| qw: Game counter: 500
     0 | D:1      | 0 ||| qw: Always use a shield: true
     0 | D:1      | 0 ||| qw: God list: Okawaru
     0 | D:1      | 0 ||| qw: Allow faded altars: false
     0 | D:1      | 0 ||| qw: Do Orc after D:15 true
     0 | D:1      | 0 ||| qw: Do second Lair branch before Depths: true
     0 | D:1      | 0 ||| qw: Lair rune preference: random
     0 | D:1      | 0 ||| qw: Plans: Normal, Zot:1-4, Slime:5, God:TSO, Crypt,
                  | Tomb, Pan, Hells, Abyss, Win
     0 | D:1      | 0 ||| PLANNING D:1-11
    52 | D:1      | Found Mier's Jewellery Emporium.
    72 | D:1      | 72 ||| SHOPLISTING amulet of reflection (300 gold, have
                  | 16).
    72 | D:1      | 72 ||| SHOPLISTING amulet of regeneration (300 gold, have
                  | 16).
    72 | D:1      | 72 ||| SHOPLISTING amulet of the Four Winds {rN+ Will+++
                  | Clar} (607 gold, have 16).
    72 | D:1      | 72 ||| SHOPLISTING amulet of the acrobat (300 gold, have
                  | 16).
    72 | D:1      | 72 ||| SHOPLISTING ring "Qolet" {Drain rElec rN+ Will++
                  | Slay-2} (340 gold, have 16).
    72 | D:1      | 72 ||| SHOPLISTING ring of fire (250 gold, have 16).
    72 | D:1      | 72 ||| SHOPLISTING ring of ice (250 gold, have 16).
    72 | D:1      | 72 ||| SHOPLISTING ring of positive energy (200 gold, have
                  | 16).
    72 | D:1      | 72 ||| SHOPLISTING ring of willpower (250 gold, have 16).
   131 | D:1      | 131 ||| Stepping ~*~*~tactically~*~*~ (stealth).
   138 | D:1      | Reached XP level 2. HP: 19/19 MP: 2/2
   242 | D:1      | 242 ||| Stepping ~*~*~tactically~*~*~ (hiding).
   243 | D:1      | 243 ||| Stepping ~*~*~tactically~*~*~ (hiding).
   245 | D:1      | 245 ||| Stepping ~*~*~tactically~*~*~ (hiding).
   246 | D:1      | 246 ||| Stepping ~*~*~tactically~*~*~ (hiding).
   360 | D:1      | 360 ||| Stepping ~*~*~tactically~*~*~ (stealth).
   367 | D:1      | 367 ||| Stepping ~*~*~tactically~*~*~ (stealth).
   381 | D:1      | 381 ||| Stepping ~*~*~tactically~*~*~ (stealth).
   425 | D:1      | Reached skill level 3 in Axes
   450 | D:1      | Reached XP level 3. HP: 23/23 MP: 3/3
   763 | D:1      | 763 ||| READING scroll labelled MAB AZXO SONO.
   764 | D:1      | 764 ||| READING scroll labelled GIOMEMP XAFFU.
   765 | D:1      | 765 ||| DRINKING 2 bubbling purple potions.
   803 | D:2      | Killed from afar by an orc priest

Levels and vault maps discovered:
D:1:      onia_arrival_mini_spirals, layout_rooms, serial_shops,
          nicolae_shop_peninsula, grunt_decor_fettered, serial_bayou_lagoon_a,
          st_stairs_12
D:2:      layout_rooms, chequers_serial_rivers_room_b,
          chequers_serial_rivers_micro_d, hangedman_decor_opposing, uniq_terence

Skill      XL: |  1  2 |
---------------+-------+-----
Axes           | 2 3 |  3.3
Fighting       | |  3.2
Armour         | |  3.2
Shields        | |  3.2

Action                     || total
---------------------------++-------
  Melee: War axe           ||    77
    Use: Scroll            ||     2
         Potion            ||     1
 Armour: Scale mail        ||    40
  Dodge: Dodged            ||    42
  Block: Buckler           ||    12

Table legend:
 A = Non-vault XP
 B = Vault XP
 C = Vault XP percentage of total XP
 D = Non-vault monster count
 E = Vault monster count
 F = Vault count percentage of total count
                 A         B        C        D         E       F
            +---------+---------+-------+---------+---------+-------
      Total |      52 |       1 |   1.9 |      30 |       1 |   3.2
            +---------+---------+-------+---------+---------+-------
        D:1 |      43 |       1 |   2.3 |      27 |       1 |   3.6
        D:2 |       9 |       0 |   0.0 |       3 |       0 |   0.0
            +---------+---------+-------+---------+---------+-------
